 Dungeon Crawl Stone Soup version 0.25.1-1-g288607f5aa (webtiles) character file.

Game seed: 2548806596623318929

401 DerDa the Magician (level 6, -21/41 HPs)
             Began as a Demonspawn Fire Elementalist on July 28, 2020.
             Demolished by an ogre
             ... wielding a +0 giant club
              (22 damage)
             ... on level 8 of the Dungeon.
             The game lasted 00:10:04 (3661 turns).

DerDa the Magician (Demonspawn Fire Elementalist)   Turns: 3661, Time: 00:10:05

Health: -21/41     AC:  0    Str:  8    XL:     6   Next: 54%
Magic:  8/13       EV: 12    Int: 18    God:
Gold:   154        SH:  0    Dex: 14    Spells: 1/14 levels left

rFire    + . .     SeeInvis .   C - staff of wizardry
rCold    x . .     Gourm    .   (no shield)
rNeg     . . .     Faith    +   a - +0 robe
rPois    .         Spirit   .   (helmet restricted)
rElec    .         Reflect  .   g - +0 cloak
rCorr    .         Harm     .   H - +0 pair of gloves
MR       +....                  (no boots)
Stlth    ++........             K - amulet of faith
HPRegen  0.13/turn              m - ring of fire
MPRegen  0.13/turn              y - ring of protection from magic

@: corroded
A: antennae 1, powered by pain 1
a: no special abilities


You were on level 8 of the Dungeon.
You were not hungry.

You visited 1 branch of the dungeon, and saw 6 of its levels.

You collected 154 gold pieces.

Inventory:

Hand Weapons
 i - a +0 dagger
 l - a +0 mace
 q - a +0 trident
 r - a +2 dagger of venom
Missiles
 e - 137 stones (quivered)
 s - 31 sling bullets
 t - 19 poisoned darts
 A - 18 bolts
 G - 4 curare-tipped darts
Armour
 a - a +0 robe (worn)
 g - a +0 cloak (worn)
 H - a +0 pair of gloves (worn)
Magical Staves
 C - an uncursed staff of wizardry (weapon)
Jewellery
 m - a ring of fire (left hand)
 y - a ring of protection from magic (right hand)
 K - an amulet of faith (around neck)
Wands
 w - a wand of disintegration (15)
 E - a wand of digging (5)
Scrolls
 b - 4 scrolls of remove curse
 f - 2 scrolls of amnesia {unknown}
 k - 4 scrolls of enchant weapon {unknown}
 n - a scroll of teleportation {unknown}
 p - 4 scrolls of identify {unknown}
 B - a scroll of magic mapping {unknown}
 I - a scroll of immolation {unknown}
Potions
 d - 3 potions of heal wounds {unknown}
 h - a potion of cancellation {unknown}
 j - a potion of brilliance {unknown}
 o - a potion of lignification {unknown}
 u - a potion of degeneration {unknown}
 v - a potion of curing {unknown}
 x - a potion of ambrosia {unknown}
 z - a potion of stabbing {unknown}
 D - a potion of berserk rage {unknown}
 J - a potion of might {unknown}
Comestibles
 c - 8 rations
 F - 3 chunks of flesh


   Skills:
 - Level 1.7 Dodging
 - Level 1.7 Stealth
 * Level 4.8 Spellcasting
 + Level 3.3 Conjurations
 + Level 4.0 Fire Magic


You had one spell level left.
You knew the following spells:

 Your Spells              Type           Power        Failure   Level  Hunger
a - Foxfire               Conj/Fire      ####         1%          1    None
b - Conjure Flame         Conj/Fire      ####....     3%          3    ###....
c - Sticky Flame          Conj/Fire      ####....     12%         4    ####...
d - Fireball              Conj/Fire      ####......   32%         5    ######.

Your spell library contained the following spells:

 Spells                   Type           Power        Failure   Level  Hunger
 Inner Flame              Hex/Fire       ###.....     7%          3    ###....


Dungeon Overview and Level Annotations

Branches:
Dungeon (5/15)
 Temple: D:4-7

Altars:
Ashenzari
The Shining One


Innate Abilities, Weirdness & Mutations

You have a pair of small antennae on your head.
You sometimes gain a little power by taking damage.


Message History

The foxfire hits the centaur but does no damage.
The centaur is moderately wounded.
The centaur hits you. The jelly hits you.
You are splashed with acid!
* * * LOW HITPOINT WARNING * * *
Unknown command.
The foxfire hits the ogre.
The ogre is moderately wounded.
The foxfire hits the ogre.
The ogre is heavily wounded.
The bullfrog hits you.
* * * LOW HITPOINT WARNING * * *
A centaur zombie comes into view.
The centaur misses you.
As you read the scroll labeled TOUJUO ASMENEPT, it crumbles to dust.
You feel blessed for a moment.
It was a scroll of remove curse.
The bullfrog closely misses you. The centaur hits you.
* * * LOW HITPOINT WARNING * * *
The ogre hits you with a +0 giant club!!
Ouch! That really hurt!
You die...

..## ..# ..##
...# #..##
.#######...##
............##
......FcJ....#.
.Z.....@O.......
.........[.....#
......#######..#
.....# .# .....
# .... ... ...


You could see an ogre, a bullfrog, a centaur, a jelly and a centaur zombie
(wandering).

Vanquished Creatures
  A phantom (D:4)
  2 orc priests (D:4)
  A gnoll shaman (D:4)
  Ijyb (D:3)
  4 gnolls (D:4)
  A howler monkey skeleton (D:4)
  6 adders
  An ooze (D:1)
  A worm (D:2)
  2 dart slugs
  3 leopard geckos
  9 orcs
  7 giant cockroaches
  4 goblins
  3 hobgoblins
  7 jackals
  8 kobolds
  A quokka (D:2)
  A ball python (D:3)
  9 bats
  6 frilled lizards
  3 rats
81 creatures vanquished.

Vanquished Creatures (others)
  268 foxfires
268 creatures vanquished.

Grand Total: 349 creatures vanquished

Notes
Turn   | Place    | Note
-------+----------+-------------------------------------------
     0 | D:1      | DerDa the Demonspawn Fire Elementalist began the quest for
                  | the Orb.
     0 | D:1      | Reached XP level 1. HP: 13/13 MP: 3/3
   467 | D:1      | Gained mutation: You sometimes gain a little power by
                  | taking damage. [demonic ancestry]
   467 | D:1      | Reached XP level 2. HP: 19/19 MP: 1/5
   886 | D:1      | Reached XP level 3. HP: 24/24 MP: 4/7
   891 | D:1      | Learned a level 3 spell: Conjure Flame
  1188 | D:2      | Found a faded altar of an unknown god.
  1380 | D:2      | Reached XP level 4. HP: 30/30 MP: 5/8
  1387 | D:2      | Learned a level 4 spell: Sticky Flame
  1980 | D:3      | Found a glowing golden altar of the Shining One.
  2415 | D:3      | Noticed Ijyb
  2424 | D:3      | Killed Ijyb
  2424 | D:3      | Reached XP level 5. HP: 35/35 MP: 1/10
  2946 | D:4      | Noticed a phantom
  2955 | D:4      | Killed a phantom
  2955 | D:4      | Gained mutation: You have a pair of small antennae on your
                  | head. [demonic ancestry]
  2955 | D:4      | Reached XP level 6. HP: 41/41 MP: 2/12
  2964 | D:4      | Learned a level 5 spell: Fireball
  3539 | D:4      | Found a shattered altar of Ashenzari.
  3638 | D:5      | Entered Level 5 of the Dungeon
  3655 | D:5      | You fall into a shaft and drop 3 floors!
  3661 | D:8      | HP: 1/41 [centaur (2)]
  3661 | D:8      | Demolished by an ogre

Illustrated notes

Levels and vault maps discovered:
D:1:      dpeg_arrival_pond, layout_basic, minmay_misc_feat_room
D:2:      layout_rooms, chequers_ecumenical_altar_twisty, first_ration
D:3:      layout_basic, nicolae_tso_carved_into_rock, uniq_ijyb
D:4:      layout_rooms, kennysheep_mini, hangedman_minor_gate_pass
D:5:      layout_basic, lemuel_doored_altar, uniq_pikel, uniq_duvessa,
          uniq_prince_ribbit1
D:8:      layout_layer_cave, enter_bailey_3, uniq_psyche

Skill      XL: |  1  2  3  4  5  6 |
---------------+-------------------+-----
Fire Magic     | 3 4 |  4.0
Spellcasting   | 3 4 |  4.8
Conjurations   | 2 3 |  3.3
Dodging        | |  1.7
Stealth        | |  1.7

Action                   |  1- 3 |  4- 6 || total
-------------------------+-------+-------++-------
Melee: Dagger            |     2 |    19 ||    21
       Unarmed           |     1 |       ||     1
       Mace              |    10 |       ||    10
       Trident           |       |     1 ||     1
       Staff             |       |     4 ||     4
 Cast: Foxfire           |    60 |   109 ||   169
       Conjure Flame     |       |     1 ||     1
  Use: Scroll            |       |     1 ||     1
  Eat: Chunk             |     2 |     7 ||     9
Armor: Robe              |     6 |    15 ||    21
Dodge: Dodged            |    16 |    33 ||    49
